 Dungeon Crawl Stone Soup version 0.30-a0-939-gc8157cb160 (webtiles) character file.

Game seed: 15411125223866892042

79057 shadizar the Fighter (level 15, -5/101 HPs)
             Began as a Gargoyle Fighter on Mar 25, 2023.
             Was a High Priest of Okawaru.
             Slain by a wolf spider simulacrum (25 damage)
             ... on level 1 of the Spider Nest.
             The game lasted 01:04:08 (23712 turns).

shadizar the Fighter (Gargoyle Fighter)            Turns: 23712, Time: 01:04:13

Health: -5/101     AC: 32    Str: 27    XL:     15   Next: 62%
Magic:  18/20      EV: 17    Int: 15    God:    Okawaru [*****.]
Gold:   1679       SH: 14    Dex: 14    Spells: 14/14 levels left

rFire   . . .      SeeInvis +    n - +4 broad axe (vamp)
rCold   . . .      Faith    .    p - +0 kite shield
rNeg    + + .      Spirit   .    w - +3 ring mail
rPois   ∞          Reflect  .    l - +0 helmet of Ocac {rN+ Int+3}
rElec   +          Rampage  .    (no cloak)
rCorr   .                        Z - +2 pair of gloves {Dex+3}
Will    +....                    G - +2 pair of boots {Stlth+}
Stlth   +++                      g - amulet of the acrobat
HPRegen 0.36/turn                I - ring of Egomania {Fly rElec Int+3 Dex+2}
MPRegen 0.17/turn                F - ring of see invisible

@: heroic, flying
A: sickness immunity, AC +11, big wings, negative energy resistance 1,
electricity resistance, torment resistance 1, petrification resistance
a: Renounce Religion, Heroism, Finesse, Duel


You were on level 1 of the Spider Nest.
You worshipped Okawaru.
Okawaru was extremely pleased with you.
You visited 5 branches of the dungeon, and saw 22 of its levels.
You also visited: Trove and Gauntlet.

You collected 2934 gold pieces.
You spent 1255 gold pieces at shops.

Inventory:

Hand Weapons
 d - the +6 glaive of Patience {drain, rC+ Will+ rCorr}
   (You found it in a treasure trove)

   rC:        It protects you from cold.
   rCorr:     It protects you from acid and corrosion.
   Will:      It increases your willpower.
 i - a +2 longbow of draining
 j - a +0 executioner's axe of electrocution
 n - a +4 vampiric broad axe (weapon)
 o - the +5 spear of Melee {vamp, MP+9}
   (You found it on level 3 of the Dungeon)

   MP:        It affects your magic capacity (+9).
 r - a +4 morningstar of protection
 t - a +6 arbalest
 v - the +3 shortbow of Equilibrium {heavy, rPois rCorr Dex-3}
   (You found it in a treasure trove)

   Dex:       It affects your dexterity (-3).
   rPois:     It protects you from poison.
   rCorr:     It protects you from acid and corrosion.
 z - a +2 shortbow of electrocution
 C - the +5 hand crossbow "Naiw" {elec, *Corrode rN+ Int+2}
   (You found it in a treasure trove)

   Int:       It affects your intelligence (+2).
   rN:        It protects you from negative energy.
   *Corrode:  It may corrode you when you take damage.
 K - a +5 demon trident
 L - a +2 demon trident of freezing
 M - a +6 broad axe
Armour
 a - a +2 pair of boots
 l - the +0 helmet of Ocac (worn) {rN+ Int+3}
   (You took it off Robin on level 2 of the Dungeon)

   Int:       It affects your intelligence (+3).
   rN:        It protects you from negative energy.
 p - a +0 kite shield (worn)
 u - a +3 plate armour
 w - a +3 ring mail (worn)
 E - the +0 plate armour "Cahihakk" {+Inv rElec rF+}
   (You found it on level 7 of the Dungeon)

   rF:        It protects you from fire.
   rElec:     It insulates you from electricity.
   +Inv:      It lets you turn invisible.
 G - a +2 pair of boots of stealth (worn)
 Q - a +2 buckler
 Y - a +2 hat
 Z - a +2 pair of gloves of dexterity (worn)
Magical Staves
 J - a staff of death
Jewellery
 c - a ring of ice
 g - an amulet of the acrobat (around neck)
 F - a ring of see invisible (right hand)
 H - an amulet of guardian spirit
 I - the ring of Egomania (left hand) {Fly rElec Int+3 Dex+2}
   (You found it on level 9 of the Dungeon)

   [ring of flight]

   Int:       It affects your intelligence (+3).
   Dex:       It affects your dexterity (+2).
   rElec:     It insulates you from electricity.
   Fly:       It grants you flight.
 N - a ring of positive energy
 P - a ring of fire
 S - a ring of protection from cold
Wands
 k - a wand of flame (46)
 q - a wand of polymorph (6)
 x - a wand of quicksilver (5)
 y - a wand of mindburst (17)
 A - a wand of roots (27)
 D - a wand of digging (7)
Scrolls
 h - 10 scrolls of teleportation
 B - 2 scrolls of identify
 R - a scroll of fear
 T - a scroll of blinking
 U - a scroll of magic mapping
 W - a scroll of fog
Potions
 b - 2 potions of heal wounds
 e - a potion of haste
 m - 6 potions of curing
 s - a potion of magic
 O - a potion of resistance
 V - 5 potions of ambrosia
 X - 2 potions of might
Miscellaneous
 f - a condenser vane


   Skills:
 + Level 14.9(19.9) Fighting
 - Level 10.1(16.5) Axes
 - Level 8.8(15.9) Polearms
 + Level 12.3(17.3) Armour
 + Level 9.1(14.1) Dodging
 + Level 12.2(17.2) Shields
 - Level 7.1 Invocations


You had 14 spell levels left.
You didn't know any spells.
Your spell library contained the following spells:

 Spells                   Type           Power      Damage    Failure   Level
 Apportation              Tloc           0%         N/A       50%         1
 Necrotise                Necr           0%         1d4       50%         1
 Shock                    Conj/Air       0%         1d3       50%         1
 Sting                    Tmut/Pois      0%         1d3       50%         1
 Blink                    Tloc           0%         N/A       63%         2
 Lesser Beckoning         Tloc           0%         N/A       63%         2
 Momentum Strike          Conj/Tloc      0%         3d8       63%         2
 Poisonous Vapours        Pois/Air       0%         N/A       63%         2
 Ozocubu's Armour         Ice            0%         N/A       86%         3
 Swiftness                Air            0%         N/A       86%         3
 Vampiric Draining        Necr           0%         2d6       86%         3
 Airstrike                Air            0%         2d(0-16)  99%         4
 Cause Fear               Hex            0%         N/A       99%         4
 Manifold Assault         Tloc           0%         N/A       99%         4
 Olgreb's Toxic Radiance  Pois           0%         N/A       99%         4
 Agony                    Necr           0%         N/A       100%        5
 Metabolic Englaciation   Hex/Ice        0%         N/A       100%        5
 Plasma Beam              Fire/Air       0%         2x1d11    100%        5
 Yara's Violent Unravell  Hex/Tmut       0%         3d3       100%        5
 Dispersal                Tloc           0%         N/A       100%        6
 Dragon Form              Tmut           0%         N/A       100%        7
 Enfeeble                 Hex            0%         N/A       100%        7
 Disjunction              Tloc           0%         N/A       100%        8
 Summon Small Mammal      Summ           Unusable   N/A       N/A         1
 Call Canine Familiar     Summ           Unusable   N/A       N/A         3
 Summon Guardian Golem    Hex/Summ       Unusable   N/A       N/A         3
 Summon Lightning Spire   Summ/Air       Unusable   N/A       N/A         4
 Simulacrum               Ice/Necr       Unusable   N/A       N/A         6
 Dragon's Call            Summ           Unusable   N/A       N/A         9

Dungeon Overview and Level Annotations

Branches:
Dungeon (13/15)            Temple (1/1) D:6            Lair (5/5) D:11
 Shoals (0/4) Lair:3       Spider (1/4) Lair:2        Slime (0/5) Lair:5
    Orc (2/2) D:10            Elf (0/3) Orc:2       Gauntlet (visited)
 Vaults: D:13-14

Altars:
Ashenzari
Cheibriados
Dithmenos
Elyvilon
Fedhas
Gozag
Hepliaklqana
Kikubaaqudgha
Makhleb
Nemelex Xobeh
Okawaru
Qazlal
Ru
Sif Muna
Trog
Uskayaw
Vehumet
Wu Jian
Xom
Yredelemnul
Zin
The Shining One

Shops:
D:1 [   D:3 (   Orc:2 =*([(

Portals:
Hell: Lair:5
Abyss: D:5

Annotations:
D:5 2 transporters, shadizar's ghost, novice GrFi


Innate Abilities, Weirdness & Mutations

You are immune to sickness and miasma.
Your stone body is resilient. (AC +11)
You are immune to poison.
Your large and strong wings let you fly.
You resist negative energy. (rN+)
You are resistant to electric shocks. (rElec)
You are resistant to unholy torment.
You are immune to petrification.


Message History

Unknown command.
You are too injured to fight recklessly!
Unknown command.
You are too injured to fight recklessly!
Unknown command.
You are too injured to fight recklessly!
Unknown command.
You barely miss the wolf spider.
The wolf spider is severely wounded.
The wolf spider misses you. You block the wolf spider's attack.
The wolf spider closely misses you. x2
You barely miss the wolf spider.
The wolf spider is severely wounded.
You block the wolf spider's attack.
The wolf spider bites you but does no damage.
You open the wolf spider like a pillowcase!!!
You feel better.
You kill the wolf spider!
Okawaru accepts your kill.
A freezing mist starts to gather...
A wolf spider simulacrum comes into view.
You slash the wolf spider simulacrum!
The wolf spider simulacrum is moderately damaged.
The wolf spider simulacrum hits you!
The wolf spider simulacrum freezes you!!
* * * LOW HITPOINT WARNING * * *
The wolf spider simulacrum misses you.
You are too injured to fight recklessly!
You are too injured to fight recklessly!
You are too injured to fight recklessly!
You are too injured to fight recklessly!
You are too injured to fight recklessly!
You are too injured to fight recklessly!
You gain the combat prowess of a mighty hero.
The wolf spider simulacrum hits you but does no damage.
You block the wolf spider simulacrum's attack.
The wolf spider simulacrum hits you.
* * * LOW HITPOINT WARNING * * *
The wolf spider simulacrum freezes you!!
You die...

### ..## # ##### ...###
### .#.#.. #..#.####.##
..... ##...#.#...# ##...
......^#..#####...##
.......#..#.#.#....#.##
#..#.†.#..#...#.@Z....#
####...#..#.....###....#
#..#...#..#.......##
######
#..##......†..(....#
#..###
#..#...........#####
##...###
#..######...##....#
#...#[##
#..#^#.#..^..#^^.##
###.....#
..>..#...#########.#
#.#.....#
.....#...#....# #...
#....####


You could see a wolf spider simulacrum.

Vanquished Creatures
  Gastronok (Orc:1)
  An emperor scorpion (Spider:1)
  A ghost moth (Spider:1)
  An orc warlord (Orc:2)
  A spark wasp (Spider:1)
  A minotaur (Gauntlet)
  A dire elephant (Lair:5)
  Snorg (D:10)
  4 hydras
  2 centaur warriors (D:13)
  4 two-headed ogres
  A catoblepas (Gauntlet)
  2 boulder beetles (D:12)
  Erica (D:9)
  Urug (Lair:3)
  9 death yaks
  4 orc high priests (Orc:2)
  A sun demon (Lair:5)
  Nergalle (D:11)
  2 skysharks
  A pharaoh ant (Spider:1)
  A fire crab (shapeshifter) (D:13)
  An orb spider (Spider:1)
  A wizard (Lair:5)
  5 orc knights
  A deep elf pyromancer (D:12)
  3 manticores
  2 wolf spiders (Spider:1)
  2 cyclopes
  6 orc sorcerers (Orc:2)
  2 ugly things (D:13)
  7 black mambas
  A moth of wrath (Spider:1)
  A black mamba (shapeshifter) (D:13)
  A demonic crawler (Spider:1)
  2 torpor snails
  2 gargoyles
  A smoke demon (Lair:5)
  7 cane toads
  A minotaur zombie (Gauntlet)
  An orange demon (Lair:5)
  6 rime drakes
  7 komodo dragons
  2 unseen horrors
  A kobold demonologist (D:9)
  4 red devils (Lair:5)
  A queen bee (Orc:1)
  5 polar bears
  4 trolls
  A wind drake (Lair:3)
  A hornet (D:10)
  8 tarantellas (Spider:1)
  7 blink frogs (Lair:4)
  4 dream sheep (Lair:5)
  18 jumping spiders
  2 vampires (D:12)
  3 wraiths
  3 shadows
  3 culicivoras
  38 yaks
  4 wyverns
  5 basilisks
  3 steam dragons (D:8)
  Grum (D:11)
  7 vampire mosquitoes
  5 redbacks (Spider:1)
  10 water moccasins
  An acid dragon (D:8)
  5 hell hounds (Lair:5)
  4 ice beasts (D:11)
  30 orc warriors
  A sky beast (D:7)
  A black bear (D:5)
  2 ogres (Orc:1)
  11 wolves
  5 centaurs
  2 phantoms (D:5)
  14 kobold brigands (D:9)
  14 bullfrogs
  A two-headed ogre simulacrum (D:12)
  4 scorpions
  A cane toad simulacrum (D:12)
  7 wights
  2 elephant simulacra (D:12)
  15 killer bees
  5 howler monkeys
  6 hounds
  2 jellies
  2 gnoll boudas (D:9)
  23 orc priests
  Jessica (D:2)
  A sleepcap (D:4)
  2 iguanas (D:7)
  38 orc wizards
  Natasha (thrice) (D:3)
  A troll simulacrum (D:12)
  A polar bear simulacrum (D:12)
  A spriggan simulacrum (D:12)
  Robin (D:2)
  4 adders
  7 gnolls
  A naga simulacrum (D:12)
  A white imp (D:5)
  An ufetubus (D:5)
  3 worms
  3 dart slugs
  106 orcs
  3 ball pythons
  8 bats
  3 endoplasms
  8 giant cockroaches
  15 goblins
  13 hobgoblins
  6 jackals
  6 quokkas
  3 frilled lizards
  15 kobolds
  5 rats
  A spectral orc (D:12)
661 creatures vanquished.

Vanquished Creatures (others)
  3 demonic plants (D:1)
  34 fungi
  29 plants
  A withered plant (D:1)
67 creatures vanquished.

Grand Total: 728 creatures vanquished

Notes
Turn   | Place    | Note
-------+----------+-------------------------------------------
     0 | D:1      | shadizar the Gargoyle Fighter began the quest for the Orb.
     0 | D:1      | Reached XP level 1. HP: 14/14 MP: 1/1
    61 | D:1      | Reached XP level 2. HP: 12/20 MP: 2/2
   116 | D:1      | Found a faded altar of an unknown god.
   151 | D:1      | Reached skill level 4 in Fighting
   208 | D:1      | Found Foux's Antique Armour Emporium.
   214 | D:1      | Reached XP level 3. HP: 22/24 MP: 3/3
   687 | D:2      | Noticed Jessica
   694 | D:2      | Killed Jessica
   695 | D:2      | Reached XP level 4. HP: 25/30 MP: 4/4
   777 | D:2      | Reached skill level 5 in Fighting
   835 | D:2      | Found an ornate altar of the Wu Jian Council.
   872 | D:2      | Identified the +0 helmet of Ocac {rN+ Int+3}
   872 | D:2      | Noticed Robin
   972 | D:2      | Killed Robin
   973 | D:2      | Reached XP level 5. HP: 28/35 MP: 5/5
  1129 | D:3      | Found Seymoan's Antique Weapon Emporium.
  1161 | D:3      | Noticed Natasha
  1167 | D:3      | Killed Natasha
  1455 | D:3      | Identified the +5 spear of Melee {vamp, MP+9}
  1519 | D:3      | Noticed Natasha
  1532 | D:3      | Killed Natasha
  1533 | D:3      | Reached skill level 6 in Fighting
  1831 | D:4      | Reached XP level 6. HP: 41/41 MP: 6/6
  1969 | D:3      | Reached skill level 1 in Polearms
  2153 | D:4      | Reached skill level 7 in Fighting
  2200 | D:4      | Reached XP level 7. HP: 47/48 MP: 7/7
  2246 | D:4      | Found a hide-covered altar of Uskayaw.
  2246 | D:4      | Found a burning altar of Makhleb.
  2254 | D:4      | Found a white marble altar of Elyvilon.
  2256 | D:4      | Found a glowing golden altar of the Shining One.
  2258 | D:4      | Found a shimmering altar of Xom.
  2365 | D:5      | Entered Level 5 of the Dungeon
  2450 | D:5      | Found a one-way gate to the infinite horrors of the Abyss.
  2450 | D:5      | Noticed shadizar's ghost (novice GrFi)
  2717 | D:5      | Found a transporter.
  2843 | D:5      | Found an iron altar of Okawaru.
  2879 | D:5      | Became a worshipper of Warmaster Okawaru
  2925 | D:5      | Reached skill level 8 in Fighting
  3032 | D:5      | Reached XP level 8. HP: 41/55 MP: 8/8
  3125 | D:5      | Found a transporter.
  3626 | D:6      | Found a staircase to the Ecumenical Temple.
  3636 | Temple   | Entered the Ecumenical Temple
  3932 | D:6      | Reached skill level 9 in Fighting
  3984 | D:6      | Noticed a troll
  3997 | D:6      | Killed a troll
  3997 | D:6      | Reached * piety under Okawaru
  4122 | D:6      | Reached skill level 1 in Dodging
  4217 | D:6      | Reached skill level 1 in Invocations
  4627 | D:7      | Reached XP level 9. HP: 55/62 MP: 10/10
  4807 | D:7      | Identified the +0 plate armour "Cahihakk" {+Inv rElec rF+}
  4903 | D:7      | Reached ** piety under Okawaru
  4904 | D:7      | Reached skill level 10 in Fighting
  5546 | D:8      | Reached skill level 5 in Armour
  5546 | D:8      | Reached skill level 5 in Shields
  5739 | D:8      | Reached *** piety under Okawaru
  5790 | D:8      | Reached skill level 5 in Polearms
  5958 | D:8      | Reached XP level 10. HP: 68/68 MP: 13/13
  6313 | D:9      | Identified the ring of Egomania {Fly rElec Int+3 Dex+2}
  6470 | D:9      | Reached **** piety under Okawaru
  6471 | D:9      | Reached skill level 11 in Fighting
  6675 | D:9      | Noticed a kobold demonologist
  6695 | D:9      | Noticed a sixfirhy
  6697 | D:9      | Killed a kobold demonologist
  6754 | D:9      | Reached skill level 5 in Invocations
  6894 | D:9      | Noticed Erica
  6905 | D:9      | Killed Erica
  6905 | D:9      | Reached ***** piety under Okawaru
  6906 | D:9      | Reached XP level 11. HP: 74/74 MP: 15/15
  6991 | D:9      | Received a gift from Okawaru
  7496 | D:10     | Entered Level 10 of the Dungeon
  7503 | D:10     | Noticed a two-headed ogre
  7514 | D:10     | Killed a two-headed ogre
  7541 | D:10     | Noticed a two-headed ogre
  7603 | D:10     | Killed a two-headed ogre
  7670 | D:10     | Noticed a two-headed ogre
  7686 | D:10     | Killed a two-headed ogre
  7816 | D:10     | Reached skill level 5 in Dodging
  7956 | D:10     | Found a staircase to the Orcish Mines.
  8289 | D:10     | Found a portal to a secret trove of treasure.
  8631 | D:11     | Reached skill level 12 in Fighting
  8695 | D:11     | Found a staircase to the Lair.
  8763 | D:11     | Noticed Nergalle
  8813 | D:11     | Killed Nergalle
  8814 | D:11     | Reached XP level 12. HP: 81/81 MP: 17/17
  9162 | D:11     | Noticed Grum
  9178 | D:11     | Killed Grum
  9572 | Orc:1    | Entered Level 1 of the Orcish Mines
  9882 | Orc:1    | Noticed Gastronok
  9975 | Orc:1    | Noticed Snorg
 10033 | Lair:1   | Entered Level 1 of the Lair of Beasts
 10599 | Lair:1   | Found a gate leading to a gauntlet.
 10626 | Gauntlet | Entered a Gauntlet
 10626 | Gauntlet | Noticed a catoblepas
 10626 | Gauntlet | Found a transporter.
 10638 | Gauntlet | Found a transporter.
 10642 | Gauntlet | Found a transporter.
 10649 | Gauntlet | Found a transporter.
 10655 | Gauntlet | Found a transporter.
 10659 | Gauntlet | Found a transporter.
 10667 | Gauntlet | Found a transporter.
 10675 | Gauntlet | Found a transporter.
 10680 | Gauntlet | Found a transporter.
 10685 | Gauntlet | Found a transporter.
 10686 | Gauntlet | Noticed a hell hog
 10693 | Gauntlet | Found a transporter.
 10697 | Gauntlet | Found a transporter.
 10703 | Gauntlet | Found a transporter.
 10714 | Gauntlet | Found a transporter.
 10828 | Gauntlet | Killed a catoblepas
 11068 | Gauntlet | Noticed a minotaur
 11106 | Gauntlet | Killed a minotaur
 12521 | Lair:2   | Noticed a seven-headed hydra
 12536 | Lair:2   | Killed a seven-headed hydra
 12700 | Lair:2   | Reached skill level 13 in Fighting
 12969 | Lair:2   | Reached XP level 13. HP: 78/88 MP: 18/18
 13131 | Lair:2   | Found a hole to the Spider Nest.
 13964 | D:12     | Found a frozen archway.
 14153 | D:12     | Reached skill level 10 in Armour
 14153 | D:12     | Reached skill level 10 in Shields
 14386 | D:3      | Noticed Natasha
 14393 | D:3      | Killed Natasha
 14460 | D:1      | Bought the +4 robe of Folly {Brill Will-∞ Int+8} for 1068
                  | gold pieces
 14460 | D:1      | Found the +4 robe of Folly {Brill Will-∞ Int+8}
 14692 | D:10     | You paid a toll of the robe of Folly to enter a treasure
                  | trove
 14693 | Trove    | Entered a treasure trove
 14710 | Trove    | Identified the +6 glaive of Patience {drain, rC+ Will+
                  | rCorr}
 14790 | Trove    | Identified the +3 shortbow of Equilibrium {heavy, rPois
                  | rCorr Dex-3}
 14794 | Trove    | Identified the +5 hand crossbow "Naiw" {elec, *Corrode rN+
                  | Int+2}
 15176 | Lair:3   | Noticed Urug
 15199 | Lair:3   | Killed Urug
 15600 | Lair:3   | Found a staircase to the Shoals.
 16036 | Lair:4   | Found a radiant altar of Vehumet.
 16090 | Lair:4   | Reached skill level 5 in Axes
 17122 | Lair:5   | Entered Level 5 of the Lair of Beasts
 17126 | Lair:5   | Found a staircase to the Slime Pits.
 17193 | Lair:5   | Gained mutation: Your large and strong wings let you fly.
                  | [Gargoyle growth]
 17193 | Lair:5   | Reached XP level 14. HP: 94/94 MP: 19/19
 17847 | Lair:5   | Received a gift from Okawaru
 17949 | Lair:5   | Reached skill level 10 in Axes
 18220 | Lair:5   | Noticed a dire elephant
 18260 | Lair:5   | Killed a dire elephant
 18601 | Lair:5   | Found a burning altar of Makhleb.
 19103 | Lair:5   | Received a gift from Okawaru
 19110 | Lair:5   | Found a gateway to Hell.
 19615 | D:12     | Found a basalt altar of Yredelemnul.
 20899 | D:10     | Reached skill level 14 in Fighting
 20904 | D:10     | Killed Snorg
 21090 | Orc:1    | Killed Gastronok
 21396 | Orc:2    | Entered Level 2 of the Orcish Mines
 21631 | Orc:2    | Found a burning altar of Makhleb.
 21681 | Orc:2    | Paralysed by an orc sorcerer for 2 turns
 21714 | Orc:2    | Found a staircase to the Elven Halls.
 21810 | Orc:2    | Found Imiufeo's Weapon Emporium.
 21824 | Orc:2    | Reached XP level 15. HP: 96/100 MP: 20/20
 21932 | Orc:2    | Noticed an orc warlord
 21932 | Orc:2    | Paralysed by an orc sorcerer for 2 turns
 21965 | Orc:2    | Killed an orc warlord
 22112 | Orc:2    | Found Fivebb's Antique Armour Shoppe.
 22113 | Orc:2    | Found Uzal Ytia's Antique Weapon Emporium.
 22115 | Orc:2    | Found Ylosmos's General Store.
 22115 | Orc:2    | Found Yhuischyng's Jewellery Shoppe.
 22122 | Orc:2    | Bought a pair of glowing gloves for 187 gold pieces
 22981 | Spider:1 | Entered Level 1 of the Spider Nest
 22981 | Spider:1 | Noticed a ghost moth
 22995 | Spider:1 | Killed a ghost moth
 23260 | Spider:1 | Noticed an emperor scorpion
 23269 | Spider:1 | Killed an emperor scorpion
 23712 | Spider:1 | Slain by a wolf spider simulacrum

Illustrated notes

Levels and vault maps discovered:
D:1:      psy_arrival_terrarium, layout_basic, shapermc_ecumenical_altar_gd,
          serial_shops, nicolae_shop_overgrown_old_shop
D:2:      layout_rooms, basic_altar, uniq_robin, uniq_jessica
D:3:      layout_basic, serial_shops, nicolae_shop_competitors_out_of_business,
          chequers_serial_rivers_micro_a, uniq_natasha
D:4:      layout_rooms, chequers_temple_overflow_minitemple
D:5:      layout_basic, okawaru_trees_2, gammafunk_ghost_abyssal_escape
D:6:      cheibrodos_iron_armory, layout_loops_cross,
          minmay_temple_entry_enclosed_plants
D:7:      layout_basic, grunt_ministairs_8
D:8:      layout_rooms, minmay_parallelograms, chequers_garden,
          kennysheep_generic_room_11
D:9:      layout_roguey [special_room_kobold], dreamdust_gnoll_shepherd,
          uniq_erica
D:10:     layout_roguey, hiddenorc2_lemuel, enter_trove_3
D:11:     layout_loops_cross, hellmonk_lair_entry_icy, uniq_grum, uniq_nergalle
D:12:     layout_basic, portal_ice_cave_entry_ice_simulacra,
          yredelemnul_forgotten_temple_becter
D:13:     layout_cave_pools
Temple:   eino_temple_scatter_basement
Lair:1:   layout_cave_pods, gauntlet_entry_generic
Lair:2:   layout_layer_cave, spider_nest_entry_funnel_web, ldierk_geyser
Lair:3:   layout_regular_city, minmay_shoals_entry_beasts, grunt_megastairs_1,
          uniq_urug
Lair:4:   layout_long_grid, basic_altar, minivault_25, grunt_megastairs_3
Lair:5:   evil_forest, layout_regular_city, slime_entry_1, serial_bayou_shore_b
Spider:1: layout_spider_delve
Orc:1:    layout_caves, special_room [special_room_bee], uniq_snorg,
          uniq_gastronok
Orc:2:    st_orc_congregation, layout_caves, basic_altar, serial_shops, shop,
          minmay_orc_temple_a

Skill      XL: |  1  2  3  4  5  6  7  8  9 10 11 12 13 14 15 |
---------------+----------------------------------------------+-----
Axes           | 2 3 8 10 | 10.1
Fighting       | 4 5 6 7 8 9 10 11 12 13 14 | 14.9
Polearms       | 1 3 4 5 6 7 8 |  8.8
Dodging        | 1 3 4 5 6 7 8 9 |  9.1
Invocations    | 1 4 5 6 7 |  7.1
Shields        | 4 5 6 8 9 10 11 12 | 12.2
Armour         | 4 5 7 8 9 10 11 12 | 12.3

Action                     |  1- 3 |  4- 6 |  7- 9 | 10-12 | 13-15 || total
---------------------------+-------+-------+-------+-------+-------++-------
  Melee: War axe           |    87 |    77 |       |       |       ||   164
         Spear             |       |    66 |   495 |  1313 |   949 ||  2823
         Broad axe         |       |       |       |       |   789 ||   789
   Fire: Hand crossbow     |       |       |       |       |     4 ||     4
 Invoke: Heroism           |       |       |       |    25 |    41 ||    66
         Finesse           |       |       |       |     4 |     1 ||     5
    Use: Potion            |       |       |     1 |     6 |     4 ||    11
         Scroll            |       |       |       |    20 |     9 ||    29
   Stab: Invisible         |       |       |       |     9 |       ||     9
         Sleeping          |       |       |       |       |     2 ||     2
         Distracted        |       |       |       |       |     1 ||     1
 Armour: Scale mail        |    61 |    84 |    28 |       |       ||   173
         Ring mail         |       |       |   190 |   344 |   769 ||  1303
  Dodge: Dodged            |    39 |    82 |   192 |   412 |   890 ||  1615
  Block: Buckler           |    12 |    28 |    87 |   237 |   104 ||   468
         Kite shield       |       |       |       |       |   817 ||   817

Table legend: (Time is in decaauts)
 A = Elapsed time spent in this place.
 B = Non-inter-level travel time spent in this place.
 C = Inter-level travel time spent in this place.
 D = Time resting spent in this place.
 E = Time spent auto-exploring this place.
 F = Levels seen in this place.
 G = Mean time per level.
                   A        B        C        D        E       F      G
               +--------+--------+--------+--------+--------+-----+--------+
         Total |  22990 |  21619 |   1371 |      0 |  14413 |  24 |  957.9 |
       Dungeon |  12647 |  11635 |   1012 |      0 |   8078 |  13 |  972.8 |
        Temple |    213 |    195 |     18 |      0 |    180 |   1 |  213.0 |
          Lair |   6791 |   6455 |    336 |      0 |   4347 |   5 | 1358.2 |
   Spider Nest |    730 |    730 |      0 |      0 |    495 |   1 |  730.0 |
  Orcish Mines |   1838 |   1835 |      3 |      0 |   1015 |   2 |  919.0 |
         Trove |    132 |    132 |      0 |      0 |     16 |   1 |  132.0 |
      Gauntlet |    637 |    637 |      0 |      0 |    281 |   1 |  637.0 |
               +--------+--------+--------+--------+--------+-----+--------+

Top non-repeatable levels by time:
  Lair:5: 2037 daAuts
    D:10: 1694 daAuts
  Lair:2: 1492 daAuts
    D:12: 1270 daAuts
  Lair:3: 1238 daAuts
     D:9: 1158 daAuts
   Orc:2: 1116 daAuts
     D:5: 1082 daAuts
     D:7: 1069 daAuts
    D:11: 1056 daAuts
  Lair:1: 1034 daAuts
  Lair:4: 989 daAuts
    D:13: 979 daAuts
     D:6: 948 daAuts
     D:3: 838 daAuts
